 Dungeon Crawl Stone Soup version 0.31.0-32-g396128a36d (webtiles) character file.

Game seed: 7847103658292218171

147 NotreDorf the Ducker (level 5, -5/41 HPs)
             Began as a Merfolk Gladiator on Mar 19, 2024.
             Slain by Edmund
             ... wielding a +2 flail of protection
              (8 damage)
             ... on level 4 of the Dungeon.
             The game lasted 00:09:01 (2943 turns).

NotreDorf the Ducker (Merfolk Gladiator)            Turns: 2943, Time: 00:09:01

Health: -5/41      AC:  5    Str: 16    XL:     5   Next: 29%
Magic:  5/5        EV: 12    Int:  7    God:
Gold:   188        SH: 13    Dex: 16    Spells: 4/4 levels left

rFire   . . .        a - +0 trident
rCold   . . .        t - +0 kite shield
rNeg    . . .        b - +0 leather armour
rPois   .            c - +0 helmet
rElec   .            (no cloak)
rCorr   .            (no gloves)
SInv    .            u - +0 pair of boots
Will    .....        o - amulet of reflection
Stlth   ++           (no ring)
HPRegen 0.26/turn    (no ring)
MPRegen 0.09/turn

%: reflection
@: no status effects
A: (nimble swimmer 2), mertail
a: no special abilities


You were on level 4 of the Dungeon.
You visited 1 branch of the dungeon, and saw 4 of its levels.

You collected 188 gold pieces.

Inventory:

Hand Weapons
 a - a +0 trident (weapon)
 i - a +2 dagger of venom
Missiles
 d - a throwing net (quivered)
 e - a javelin
Armour
 b - a +0 leather armour (worn)
 c - a +0 helmet (worn)
 t - a +0 kite shield (worn)
 u - a +0 pair of boots (worn)
Magical Staves
 r - the staff of the Summoning Lamprey {rPois Will+ Stlth+ Hexes Earth}
   (You found it on level 2 of the Dungeon)

   [staff of earth]

   Base accuracy: +5 Base damage: 5 Base attack delay: 1.2 This weapon's minimum
   attack delay (0.6) is reached at skill level 12.
   rPois:     It protects you from poison Will+: It increases your willpower.
   Stlth+:    It makes you more stealthy.
   Hexes:     It increases the power of your Hexes spells.
   Earth:     It increases the power of your Earth spells.
   It falls into the 'Staves' category.
   It is a one-handed weapon.
Jewellery
 o - an amulet of reflection (around neck)
 p - a ring of wizardry
Scrolls
 f - a scroll of vulnerability {unknown}
 k - 2 scrolls of amnesia {unknown}
 l - 2 scrolls of identify {unknown}
 m - a scroll of torment {unknown}
 q - 2 scrolls of fear {unknown}
 s - a scroll of teleportation {unknown}
 v - a scroll of noise {unknown}
Potions
 g - a potion of magic {unknown}
 h - a potion of curing {unknown}
 j - a potion of resistance {unknown}
 n - 3 potions of heal wounds {unknown}
 w - a potion of might {unknown}


   Skills:
 + Level 3.3 Fighting
 + Level 5.0 Polearms
 - Level 2.0 Throwing
 + Level 5.2 Dodging
 + Level 2.6 Stealth
 + Level 0.6 Shields


You had 4 spell levels left.
You didn't know any spells.
Your spell library contained the following spells:

 Spells                   Type           Power      Damage    Failure   Level
 Lesser Beckoning         Tloc           0%         N/A       96%         2
 Gell's Gravitas          Tloc           0%         N/A       99%         3
 Teleport Other           Tloc           0%         N/A       99%         3
 Leda's Liquefaction      Alch/Erth      0%         N/A       100%        4
 Lee's Rapid Deconstruct  Erth           0%         3d4*      100%        5
 Bombard                  Conj/Erth      0%         9d1       100%        6


Dungeon Overview and Level Annotations

Branches:
Dungeon (4/15)
 Temple: D:4-7

Altars:

Shops:
D:4 (

Annotations:
D:4 Edmund


Innate Abilities, Weirdness & Mutations

((You are very nimble when in or above water. (Stealth+, EV+, Speed+++)))
Your lower body shifts to a powerful aquatic tail in water.


Message History

Edmund hits you with a +2 flail of protection.
* * * LOW HITPOINT WARNING * * *
Throw: 3 throwing nets
Press: ? - help, Q - select action, (/) - cycle Shift-Dir - straight line, f - Edmund
Aim: Edmund, wielding a +2 flail of protection and wearing a +3 ring mail of cold resistance (severely wounded, 63% to hit)
You throw a throwing net.
The throwing net completely misses Edmund.
You block Edmund's attack.
Throw: 2 throwing nets
Press: ? - help, Q - select action, (/) - cycle Shift-Dir - straight line, f/p - Edmund
Aim: Edmund, wielding a +2 flail of protection and wearing a +3 ring mail of cold resistance (severely wounded, 63% to hit)
You throw a throwing net. The throwing net hits Edmund.
Edmund is caught in the net!
Edmund is severely wounded.
Edmund struggles against the net.
You are too injured to fight recklessly!
You catch the helpless Edmund completely off-guard!
You hit Edmund but do no damage.
Edmund is severely wounded.
Edmund struggles against the net. x2
You hit Edmund.
Edmund is almost dead.
Edmund struggles against the net.
You hit Edmund.
Edmund is almost dead.
Edmund struggles against the net.
You hit Edmund but do no damage.
Edmund is almost dead.
Edmund struggles against the net.
The net rips apart, and Edmund comes free!
You barely miss Edmund.
Edmund is almost dead.
You block Edmund's attack.
Edmund hits you with a +2 flail of protection.
* * * LOW HITPOINT WARNING * * *
You hit Edmund but do no damage.
Edmund is almost dead.
Edmund hits you with a +2 flail of protection!
You die...
Edmund whines, "They better pay attention to me now!"

...##.###..###.#.
#................
#..####..#.#####.
.#####..####..#.#####.
..............#.......
#
####.#..####..........
#..####.#..#
#.########.
........#..####<# ##
#(.....@@....##.# #
....!...........# #
#########.#.?#### #
.##..... # # ..### #
#.# .#


You could see Edmund.

Vanquished Creatures
  A hound (D:3)
  4 adders
  A dart slug (D:4)
  3 orcs
  9 ball pythons
  5 endoplasms
  3 giant cockroaches
  5 goblins
  7 hobgoblins
  11 jackals
  2 quokkas (D:1)
  3 bats
  6 frilled lizards
  4 kobolds
  5 rats
69 creatures vanquished.

Notes
Turn   | Place    | Note
-------+----------+-------------------------------------------
     0 | D:1      | NotreDorf the Merfolk Gladiator began the quest for the
                  | Orb.
     0 | D:1      | Reached XP level 1. HP: 16/16 MP: 1/1
   112 | D:1      | Found a faded altar of an unknown god.
   242 | D:1      | Reached XP level 2. HP: 23/23 MP: 2/2
   437 | D:1      | Reached skill level 1 in Stealth
   783 | D:1      | Reached XP level 3. HP: 23/28 MP: 3/3
  1239 | D:2      | Reached XP level 4. HP: 35/35 MP: 4/4
  1737 | D:2      | Identified the staff of the Summoning Lamprey {rPois Will+
                  | Stlth+ Hexes Earth}
  2446 | D:3      | Reached skill level 5 in Dodging
  2446 | D:3      | Reached XP level 5. HP: 36/41 MP: 5/5
  2485 | D:3      | Reached skill level 5 in Polearms
  2753 | D:4      | Found Uqudghuuh's Antique Weapon Boutique.
  2809 | D:4      | Noticed Edmund
  2943 | D:4      | Slain by Edmund

Illustrated notes

Levels and vault maps discovered:
D:1:      arrival_zaba_pyramid, layout_loops_corners,
          shapermc_ecumenical_altar_mp_highgroup
D:2:      cheibrodos_old_hovel, layout_loops_corners, st_stairs_12
D:3:      layout_basic, minmay_misc_feat_four_crosses,
          chequers_serial_rivers_small_b
D:4:      kennysheep_the_goblin_king, layout_loops_ring, serial_shops,
          nicolae_shop_advertising_works [nicolae_subvault_shop_adworks],
          uniq_edmund

Skill      XL: |  1  2  3  4  5 |
---------------+----------------+-----
Stealth        | 1 2 |  2.6
Fighting       | 3 |  3.3
Dodging        | 5 |  5.2
Polearms       | 5 |  5.0
Throwing       | |  2.0
Shields        | |  0.6

Action                     |  1- 3 |  4- 6 || total
---------------------------+-------+-------++-------
  Melee: Trident           |    94 |   136 ||   230
  Throw: Throwing net      |       |     2 ||     2
   Stab: Sleeping          |     3 |     5 ||     8
         Held in net/web   |       |     1 ||     1
 Armour: Leather armour    |    26 |    33 ||    59
  Dodge: Dodged            |    47 |    37 ||    84
  Block: Other             |     4 |    17 ||    21
         Kite shield       |       |    56 ||    56
